 Dungeon Crawl Stone Soup version 0.24-a0-521-g122614bf49 (webtiles) character file.

Game seed: 6868105748503139590

736 Gargoyl the Chopper (level 7, -17/59 HPs)
             Began as a Centaur Abyssal Knight on July 29, 2019.
             Was a Believer of Lugonu.
             Demolished by an ogre
             ... wielding a cursed +0 giant club
              (26 damage)
             ... on level 4 of the Dungeon.
             The game lasted 00:06:16 (4121 turns).

Gargoyl the Chopper (Centaur Abyssal Knight)        Turns: 4121, Time: 00:06:17

Health: -17/59     AC: 11    Str: 15    XL:     7   Next: 46%
Magic:  10/10      EV:  9    Int: 11    God:    Lugonu [**....]
Gold:   118        SH:  2    Dex: 10    Spells: 6/6 levels left

rFire    . . .     SeeInvis .   a - +1 hand axe
rCold    . . .     Gourm    .   (no shield)
rNeg     . . .     Faith    .   q - +0 ring mail
rPois    .         Spirit   .   (no helmet)
rElec    .         Reflect  +   d - +0 cloak
rCorr    .         Harm     .   (no gloves)
MR       .....                  e - +0 centaur barding
Stlth    ..........             m - +2 amulet of reflection
HPRegen  0.19/turn              g - +2 ring of evasion
MPRegen  0.12/turn              (no ring)

@: very quick
A: large, hooves 3, deformed body, speed 2, tough skin 3
a: Depart the Abyss, Bend Space, Renounce Religion


You were on level 4 of the Dungeon.
You worshipped Lugonu.
Lugonu was pleased with you.
You were not hungry.

You visited 1 branch of the dungeon, and saw 5 of its levels.
You visited the Abyss 1 time.

You collected 118 gold pieces.

Inventory:

Hand Weapons
 a - a +1 hand axe (weapon)
 r - a +0 war axe
Missiles
 n - 2 javelins (quivered)
 o - 8 boomerangs
Armour
 d - a +0 cloak (worn)
 e - a +0 centaur barding (worn)
 q - a +0 ring mail (worn)
Jewellery
 g - a +2 ring of evasion (left hand)
 k - an uncursed amulet of regeneration {unknown}
 m - a +2 amulet of reflection (around neck)
Scrolls
 b - a scroll of teleportation
 p - a scroll of identify
Potions
 f - 2 potions of magic {unknown}
 h - 2 potions of cancellation {unknown}
 i - 5 potions of might {unknown}
 j - a potion of resistance {unknown}
 l - 3 potions of heal wounds {unknown}
Comestibles
 c - 10 rations
 s - a chunk of flesh


   Skills:
 + Level 4.2 Fighting
 + Level 4.4 Axes
 * Level 3.2 Armour
 * Level 2.6 Dodging
 * Level 4.0 Invocations


You had 6 spell levels left.
You didn't know any spells.
Your spell library was empty.

Dungeon Overview and Level Annotations

Branches:
Dungeon (5/15)
 Temple: D:4-7

Altars:
Dithmenos
Ru
Vehumet
Yredelemnul


Innate Abilities, Weirdness & Mutations

You have hooves in place of feet.
Armour fits poorly on your strangely shaped body.
You cover ground very quickly.
You have extremely tough skin. (AC +3)


Message History

The quokka bites you but does no damage.
You barely miss the quokka. You kick the quokka.
You kill the quokka!
Lugonu accepts your kill.
The ogre hits you with a cursed +0 giant club!!
You climb upwards.
There is a stone staircase leading down here.
You hit the ogre.
The ogre is lightly wounded.
You hit the ogre.
The ogre is moderately wounded.
The ogre hits you with a cursed +0 giant club!
You hit the ogre. Your kick misses the ogre.
The ogre is heavily wounded.
The ogre hits you with a cursed +0 giant club!!
* * * LOW HITPOINT WARNING * * *
You slash the ogre! You kick the ogre!
The ogre is almost dead.
The ogre hits you with a cursed +0 giant club!!
You die...

#.###..##..##############...)....
...#....#..'......##..[##........
...#....#..#.......#...#.........
#########..##......#...#.........
####.###############..###+##..#..
.'..).#....##....###..###...#####
.#....#...........+..........#
###..####..##.....#..........#
###..########...@.#..........#
.#...............O#..........#
.+................#..........#
.####'###..##..######.##.##.##
.##....######..######.##.####
..#................#......#
..#......<.........#......#
..#........##(.##..#......#
.##...###..##..##..#......#


You could see an ogre.

Vanquished Creatures
  Sigmund (D:2)
  Blork the orc (D:4)
  A scorpion (D:4)
  A hound (D:4)
  An orc priest (D:3)
  An iguana (D:4)
  5 orc wizards
  4 worker ants (D:4)
  A hound skeleton (D:4)
  2 adders
  An ooze (D:1)
  2 worms (D:3)
  2 dart slugs
  5 leopard geckos
  12 orcs
  4 ball pythons
  10 bats
  A giant cockroach (D:1)
  12 goblins
  7 hobgoblins
  3 jackals (D:1)
  5 kobolds
  2 quokkas
  4 frilled lizards
  5 rats
93 creatures vanquished.

Notes
Turn   | Place    | Note
-------+----------+-------------------------------------------
     0 | Abyss:1  | Gargoyl the Centaur Abyssal Knight began the quest for the
                  | Orb.
     0 | Abyss:1  | Reached XP level 1. HP: 19/19 MP: 2/2
    56 | Abyss:1  | Found a corrupted altar of Lugonu.
   116 | Abyss:1  | Noticed a ghost moth zombie
   127 | Abyss:1  | Noticed a large abomination
   142 | Abyss:1  | Noticed a tentacled starspawn
   143 | Abyss:1  | Noticed a wraith
   144 | D:1      | Escaped the Abyss
   275 | D:1      | Reached * piety under Lugonu
   275 | D:1      | Reached XP level 2. HP: 23/26 MP: 3/3
   480 | D:1      | Reached skill level 1 in Dodging
   500 | D:1      | Reached XP level 3. HP: 23/31 MP: 4/4
   823 | D:2      | Found a sacrificial altar of Ru.
   882 | D:2      | Noticed Sigmund
   909 | D:2      | Killed Sigmund
   909 | D:2      | Reached XP level 4. HP: 40/40 MP: 4/6
   909 | D:2      | Reached XP level 5. HP: 46/46 MP: 4/7
  1256 | D:2      | Found a shadowy altar of Dithmenos.
  1667 | D:3      | Reached ** piety under Lugonu
  1696 | D:3      | Reached XP level 6. HP: 26/52 MP: 8/8
  2242 | D:3      | Found a radiant altar of Vehumet.
  2244 | D:3      | Found a basalt altar of Yredelemnul.
  3309 | D:4      | Reached XP level 7. HP: 41/59 MP: 9/9
  3891 | D:4      | Noticed Blork the orc
  3905 | D:4      | Killed Blork the orc
  4110 | D:5      | Entered Level 5 of the Dungeon
  4121 | D:4      | Demolished by an ogre

Levels and vault maps discovered:
D:1:      dpeg_arrival_lava_temple_mockup, layout_rooms, nrook_loot_triangle
D:2:      layout_basic, nicolae_dithmenos_shadow_blocks,
          nicolae_ru_path_of_blood, uniq_sigmund
D:3:      layout_loops_ring, minitemple
D:4:      layout_gridville, uniq_blork_the_orc
D:5:      layout_rooms, gup_sewer_entry_spiral, first_ration, grunt_decor_cap,
          trog_butcher_becter, uniq_grinder, uniq_menkaure

Skill      XL: |  1  2  3  4  5  6  7 |
---------------+----------------------+-----
Axes           | 2 3 4 |  4.4
Dodging        | 1 2 |  2.6
Armour         | 2 3 |  3.2
Invocations    | 3 4 |  4.0
Fighting       | 4 |  4.2

Action                   |  1- 3 |  4- 6 |  7- 9 || total
-------------------------+-------+-------+-------++-------
Melee: Hand axe          |    64 |   153 |    65 ||   282
       Kick              |     6 |    31 |    17 ||    54
Invok: Depart the Abyss  |     1 |       |       ||     1
  Use: Scroll            |     3 |     3 |     1 ||     7
       Potion            |     1 |     1 |       ||     2
  Eat: Chunk             |       |     4 |     4 ||     8
Armor: Leather armour    |    36 |    66 |       ||   102
       Skin              |    13 |       |       ||    13
       Ring mail         |       |    64 |    27 ||    91
Dodge: Dodged            |    44 |    86 |    23 ||   153
Block: Other             |       |     1 |     2 ||     3

Table legend:
 A = Non-vault XP
 B = Vault XP
 C = Vault XP percentage of total XP
 D = Non-vault monster count
 E = Vault monster count
 F = Vault count percentage of total count
                 A         B        C        D         E       F
            +---------+---------+-------+---------+---------+-------
      Total |     725 |     327 |  31.1 |      91 |       2 |   2.2
            +---------+---------+-------+---------+---------+-------
        D:1 |      43 |       0 |   0.0 |      22 |       0 |   0.0
        D:2 |      19 |     227 |  92.3 |      12 |       1 |   7.7
        D:3 |     165 |       0 |   0.0 |      35 |       0 |   0.0
        D:4 |     496 |     100 |  16.8 |      21 |       1 |   4.5
        D:5 |       2 |       0 |   0.0 |       1 |       0 |   0.0
            +---------+---------+-------+---------+---------+-------
